[Event "Late-Titled-Tuesday-Blitz-June-25-2024"]
[Site "Chess.com"]
[Date "2024.06.25"]
[Round "3"]
[White "mouseslips_are_the_best"]
[Black "ansko1999"]
[Result "1-0"]
[WhiteElo "2363"]
[BlackElo "2571"]
[TimeControl "180+1"]
[EndTime "14:28:00 PDT"]
[Termination "mouseslips_are_the_best won by checkmate"]

1. e4 c5 2. Nf3 Nf6 3. e5 Nd5 4.
c4 Nc7 5. Nc3 Nc6 6. Be2 g6 7. Ne4 Bg7 8. Nxc5 Nxe5 9. Nxe5 Bxe5 10. d4 Bg7 11. O-O O-O 12. Bf4 b6 13. Bf3 bxc5 14.
Bxc7 Qxc7 15. Bxa8 Bxd4 16. Bf3 Bxb2 17. Rb1 Bd4 18.
Re1 d6 19. Qb3 Bf5 20. Be4 Bxe4 21. Rxe4 e6 22. Qb7 Qa5 23. Re2 Qc3 24. Qb3 Qa5 25. Qb5 Qc3 26. Qb3 Qa5 27. Qb5 Qd8 28. Qa6 d5 29.
cxd5 exd5 30. Qxa7 Qf6 31. h3 c4 32. Qb7 Rd8 33.
Rd1 c3 34. Qb4 Be5 35. Qa5 Rd6 36. Rxd5 Rxd5 37. Qxd5 Bd4 38. Qc4 Qf4 39. Qc8+ Kg7 40. a4 Qc1+ 41. Kh2 Qf4+ 42. g3 Qf3 43. Qc4 Bf6 44.
Qe4 Qxe4 45. Rxe4 Bg5 46. Rc4 Bd2 47. a5 c2 48. Rxc2 Bxa5 49. Kg2 Bd8 50. Kf3 h5 51. Ke4 Bf6 52. Rc8 Ba1 53. Rb8 Bf6 54. Rb7 Bc3 55. Kd5 Ba1 56. Kd6 Bd4 57. Ke7 Bc5+ 58.
Ke8 Kh6 59. Rxf7 Bd4 60. Ke7 Bc5+ 61. Ke6 Bd4 62. f4 Bf2 63. g4 hxg4 64. hxg4 g5 65.
f5 Bd4 66. Rd7 Bf6 67. Rh7+ Kxh7 68. Kxf6 Kh6 69. Ke7 Kg7 70. f6+ Kg6 71. f7 Kh7 72. f8=Q Kg6 73. Qf5+ Kh6 74. Qf6+ Kh7 75. Qxg5 Kh8 76.
Kf7 Kh7 77. Qg7# 1-0

[Event "Late-Titled-Tuesday-Blitz-June-25-2024"]
[Site "Chess.com"]
[Date "2024.06.25"]
[Round "3"]
[White "theoneandonlydaaevik"]
[Black "egnfanclub"]
[Result "1-0"]
[WhiteElo "2599"]
[BlackElo "2362"]
[TimeControl "180+1"]
[EndTime "14:28:01 PDT"]
[Termination "theoneandonlydaaevik won on time"]

1. Nf3 Nf6 2. g3 g6 3. b4 Bg7 4. Bb2 d5 5. Bg2 O-O 6. O-O a5 7.
b5 c5 8. bxc6 Nxc6 9. a4 Re8 10.
Na3 Ne4 11. Bxg7 Kxg7 12. d3 Nc3 13. Qd2 d4 14. Nb5 Nxb5 15. axb5 Nb4 16. c3 dxc3 17. Qxc3+ f6 18. Nd2 Nd5 19. Qb2 Be6 20. Nb3 Bf7 21. Rfc1 e5 22. h4 b6 23. Nd2 Rc8 24. Rxc8 Qxc8 25.
Rc1 Qd7 26. Nc4 Rc8 27. Rb1 Qc7 28. h5 Nb4 29. Qd2 g5 30. Ne3 Bxh5 31. Nf5+ Kh8 32. Be4 Bg6 33. Kg2 Qc2 34. Qe1 Rc3 35. Qh1 Rc8 36.
Qh6 Qc7 37. Rh1 Kg8 38. Rc1 Bxf5 39. Rxc7 Bxe4+ 40. dxe4 Rxc7 41. Qxf6 Rc5 42. Qd8+ Kf7 43. Qxb6 Rc4 44. Qxa5 Rxe4 45. Qc7+ 1-0

[Event "Late-Titled-Tuesday-Blitz-June-25-2024"]
[Site "Chess.com"]
[Date "2024.06.25"]
[Round "3"]
[White "MyDream003"]
[Black "PhileKhoob"]
[Result "1/2-1/2"]
[WhiteElo "2783"]
[BlackElo "2369"]
[TimeControl "180+1"]
[EndTime "14:28:02 PDT"]
[Termination "Game drawn by repetition"]

1. e4 c6 2. d4 d5 3. e5 Bf5 4.
Nf3 e6 5. Be2 Nd7 6. O-O a5 7.
a4 f6 8. Nbd2 Nh6 9. Nb3 fxe5 10.
Nxe5 Nxe5 11. dxe5 Nf7 12. f4 Be7 13. Kh1 O-O 14.
Nd4 g6 15. Be3 c5 16. Nxf5 gxf5 17. c3 Nh6 18. Bf3 Kh8 19. Qe2 c4 20. b3 cxb3 21.
Rfb1 b5 22. Rxb3 b4 23. c4 d4 24. Bxa8 dxe3 25. Bf3 Bc5 26. Rxe3 Bxe3 27. Qxe3 Qc7 28. c5 Rb8 29. Qb3 Ng8 30. Qxe6 Qxc5 31. Qxf5 Qc3 32. Rb1 b3 33. h3 Qc2 34. Be4 Qc7 35. e6 Rb4 36. Bd3 Rd4 37. Rxb3 Rxf4 38. Qh5 Qc1+ 39. Kh2 Qc7 40. Kh1 Qc1+ 41. Kh2 Qc7 42. Kh1 1/2-1/2

[Event "Late-Titled-Tuesday-Blitz-June-25-2024"]
[Site "Chess.com"]
[Date "2024.06.25"]
[Round "3"]
[White "djano"]
[Black "KaydenTroffChess"]
[Result "1-0"]
[WhiteElo "2580"]
[BlackElo "2817"]
[TimeControl "180+1"]
[EndTime "14:28:04 PDT"]
[Termination "djano won by resignation"]

1. e4 c5 2. Nc3 g6 3. Bc4 Bg7 4. h4 h6 5. h5 g5 6. d3 e6 7. f4 gxf4 8. Qg4 Qg5 9. Qf3 Nc6 10. Bxf4 Qf6 11. Nge2 a6 12. a3 b5 13. e5 Qe7 14.
Ba2 Bb7 15. Qg3 f6 16. Ne4 Nxe5 17. Nd6+ Qxd6 18. Qxg7 O-O-O 19. Qxh8 c4 20. d4 c3 21. dxe5 cxb2 22. Rd1 Qxa3 23. Bb1 Ne7 24. Qxh6 Nd5 25. exf6 Nc3 26. Nxc3 Qxc3+ 27. Rd2 Bxg2 28. Rg1 Bf3 29. f7 Qc5 30. Be3 Qf5 31. Rg8 Qxf7 32. Rxd8+ Kxd8 33. Qg5+ Kc8 34. Qc5+ Bc6 35. Rf2 Qg7 36. Qf8+ Qxf8 37. Rxf8+ Kc7 38. h6 Be4 39. Kd2 b4 40. Rf4 Bh7 41.
Rxb4 Kc6 42. Rxb2 Kd5 43. Rb6 a5 44. Rb7 Kc6 45. Rb8 a4 46. Ba2 Kd6 47. Rh8 Bf5 48. h7 Kc6 49. Rc8+ Kd6 50. h8=Q Bg6 51. Qd4+ Ke7 52. Bg5+ 1-0

[Event "Late-Titled-Tuesday-Blitz-June-25-2024"]
[Site "Chess.com"]
[Date "2024.06.25"]
[Round "3"]
[White "JavierRuizVazquez"]
[Black "TOCANTINS_TO"]
[Result "0-1"]
[WhiteElo "2386"]
[BlackElo "2054"]
[TimeControl "180+1"]
[EndTime "14:28:04 PDT"]
[Termination "TOCANTINS_TO won by checkmate"]

1. e4 c5 2. Nc3 e6 3. d4 cxd4 4. Qxd4 Nc6 5. Qd3 d6 6. Be3 a6 7. O-O-O Qc7 8. f4 b5 9. Nf3 Bb7 10. Kb1 O-O-O 11. Be2 Nf6 12. Rhe1 Be7 13. Bg1 d5 14. e5 Nd7 15. Nd2 Bc5 16. Nb3 Bxg1 17. Rxg1 Na5 18. Qg3 g6 19. Nxa5 Qxa5 20. Rd4 b4 21.
Nd1 Nc5 22. Nf2 Kb8 23. Rgd1 Rc8 24. Qe3 Rc7 25. g4 Rhc8 26. R4d2 Na4 27. Qd4 Nc3+ 28.
bxc3 bxc3 29. Nd3 Rc4 30. Qg1 Qa3 31. f5 Ra4 32. Qb6 Qxa2+ 33. Kc1 Qa1+ 34. Qb1 Qa3+ 35. Nb2 cxd2+ 36. Rxd2 Rb4 37. c4 dxc4 38. Rc2 c3 39. Kd1 cxb2 40. Rxc8+ Kxc8 41. Bd3 Qa1 42. Kd2 Qxb1 43. Bxb1 Rxg4 44. Kc3 gxf5 45. Kxb2 Rg2+ 46. Kc3 Rxh2 47. Bd3 Rh3 48. Kd4 Rxd3+ 49. Kxd3 Bd5 50. Ke3 Kc7 51. Kf4 Kc6 52. Kg5 Kc5 53. Kf4 a5 54. Kg5 a4 55. Kf6 Kd4 56. Kg5 Kxe5 57. Kh6 a3 58. Kg7 a2 59. Kf8 a1=Q 60. Kg7 Qa7 61. Kg8 f6 62. Kh8 f4 63. Kg8 Kf5 64. Kh8 Kg6 65. Kg8 Qg7# 0-1

[Event "Late-Titled-Tuesday-Blitz-June-25-2024"]
[Site "Chess.com"]
[Date "2024.06.25"]
[Round "3"]
[White "Slovak_fighter2000"]
[Black "chesspingvin1995"]
[Result "0-1"]
[WhiteElo "2514"]
[BlackElo "2235"]
[TimeControl "180+1"]
[EndTime "14:28:05 PDT"]
[Termination "chesspingvin1995 won on time"]

1. d4 d5 2. c4 dxc4 3. e4 Nf6 4. e5 Nd5 5. Bxc4 Nb6 6. Bb3 Nc6 7. Be3 Bf5 8. Nf3 e6 9. Nc3 Be7 10. h3 Qd7 11. d5 exd5 12. Nxd5 Nxd5 13. Qxd5 Qxd5 14.
Bxd5 Nb4 15. Rd1 Nxd5 16. Rxd5 Be6 17. Rb5 b6 18. Nd4 Bc4 19. f4 Bxb5 20. Nxb5 O-O-O 21. Nxa7+ Kb7 22. Nb5 Rd5 23. Nc3 Rd3 24. Ke2 Rhd8 25.
Rd1 Rxd1 26. Nxd1 Kc6 27. Nc3 Bc5 28. Bc1 h6 29. a3 Bd4 30. Ne4 Kd5 31. Kf3 Kc4 32.
b4 Kb3 33. g4 Bb2 34. Bxb2 Kxb2 35. f5 Kxa3 36. b5 Kb4 37. Kf4 Kxb5 38. e6 fxe6 39. fxe6 Kc6 40. Kf5 Rd5+ 41. Kg6 Re5 42. Ng3 Rxe6+ 43.
Kxg7 Re3 44. Nf5 Rxh3 45. Nxh6 b5 46. Kg6 b4 47. Nf5 b3 48. Nd4+ Kc5 49. Ne2 b2 50. g5 b1=Q+ 0-1

[Event "Late-Titled-Tuesday-Blitz-June-25-2024"]
[Site "Chess.com"]
[Date "2024.06.25"]
[Round "3"]
[White "GothamChess"]
[Black "Msb2"]
[Result "1-0"]
[WhiteElo "2745"]
[BlackElo "3069"]
[TimeControl "180+1"]
[EndTime "14:28:09 PDT"]
[Termination "GothamChess won by checkmate"]

1. e4 e6 2. d4 d5 3. exd5 exd5 4. h3 a6 5. c4 Bb4+ 6. Nc3 Ne7 7. Nf3 Nbc6 8. a3 Bxc3+ 9. bxc3 O-O 10. Be2 dxc4 11.
Bxc4 Nd5 12. Bd2 Re8+ 13. Kf1 Be6 14. Bd3 Nb6 15. g3 Bc4 16. Bxc4 Nxc4 17. Bf4 Qd5 18. Kg2 Ne7 19. Bxc7 Rac8 20. Bf4 Ng6 21. Bc1 Rc6 22. Re1 Rxe1 23. Qxe1 Re6 24. Qd1 Rf6 25. Qe2 h6 26. Be3 Re6 27. Re1 f5 28. Qd1 Nxa3 29. Bc1 Nc4 30. Rxe6 Qxe6 31. Kg1 Ne7 32. Bf4 Nd5 33. Be5 Nxc3 34. Qb3 Nb5 35. Nd2 Nba3 36. Nxc4 Nxc4 37. Qxb7 Nxe5 38. dxe5 Qc4 39. Qb8+ Kh7 40. Qd6 f4 41. e6 f3 42. Qe5 Qc1+ 43. Kh2 Qc2 44. Kg1 Qb1+ 45. Kh2 Qc2 46. Kg1 Qg6 47. Qe3 Qe8 48. Qe4+ Kg8 49. Qf5 a5 50. Qd5 a4 51.
e7+ Kh7 52. Qd8 Qh5 53. e8=Q Qxh3 54. Qe4+ g6 55. Qee7# 1-0

[Event "Late-Titled-Tuesday-Blitz-June-25-2024"]
[Site "Chess.com"]
[Date "2024.06.25"]
[Round "3"]
[White "HalfIsCrayfish"]
[Black "Greguer"]
[Result "1-0"]
[WhiteElo "2567"]
[BlackElo "2321"]
[TimeControl "180+1"]
[EndTime "14:28:09 PDT"]
[Termination "HalfIsCrayfish won on time"]

1. d4 Nf6 2. c4 e5 3. e3 exd4 4.
exd4 d5 5. Nc3 Be7 6. cxd5 Nxd5 7. Bc4 Nb6 8. Bb3 O-O 9. Nge2 c6 10. O-O Bf5 11.
Bf4 N8d7 12. Qd2 Nf6 13. Rad1 a5 14. Ng3 Bg6 15. a3 Nfd5 16. Be3 Bf6 17. Nce4 Re8 18. Nxf6+ Qxf6 19. Bg5 Qd6 20. Rfe1 a4 21. Ba2 h6 22. Be3 Re7 23. Ne2 Nxe3 24. fxe3 Rae8 25. Ng3 Rd8 26. e4 Red7 27. Qe3 Qe7 28. Rd2 Kh7 29. Red1 Re8 30. Re1 Rdd8 31. d5 cxd5 32. Qxb6 dxe4 33. Rxd8 Rxd8 34.
Qe3 Qe5 35. Qe2 Qc5+ 36. Qf2 Qb5 37. Bb1 f5 38. h4 Rd5 39. h5 Be8 40. Rf1 Bd7 41.
Nxe4 Qc6 42. Nc3 Rd6 43. Bxf5+ Bxf5 44. Qxf5+ Kg8 45. Qf8+ Kh7 46. Qf5+ Kg8 47. Qe4 Qb6+ 48. Kh1 Rd8 49. Qc4+ Kh8 50. Qe2 Qc5 51. Qf3 b5 52.
Ne4 Qe5 53. Ng3 1-0

[Event "Late-Titled-Tuesday-Blitz-June-25-2024"]
[Site "Chess.com"]
[Date "2024.06.25"]
[Round "3"]
[White "crazy_but_lazy"]
[Black "mostafa_sakha"]
[Result "1-0"]
[WhiteElo "2641"]
[BlackElo "2443"]
[TimeControl "180+1"]
[EndTime "14:28:11 PDT"]
[Termination "crazy_but_lazy won by resignation"]

1. e4 e5 2. Nf3 Nc6 3. Bc4 Nf6 4. Ng5 d5 5. exd5 Na5 6. Bb5+ c6 7.
dxc6 bxc6 8. Be2 h6 9. Nh3 g5 10. d3 Bg7 11. Nc3 O-O 12. Ng1 Bf5 13. Nf3 Qc7 14.
Be3 Nd5 15. Nd2 Nxc3 16. bxc3 Rad8 17. O-O e4 18. d4 Bg6 19. Nb3 f5 20. f4 exf3 21.
Bxf3 f4 22. Bf2 Nc4 23. Qe2 Na3 24. Qe6+ Qf7 25. Qxf7+ Kxf7 26. Bxc6 Nxc2 27. Rac1 Rd6 28. d5 Bxc3 29. Bc5 Rxc6 30. dxc6 Rc8 31. Bxa7 Rxc6 32. Bf2 Ra6 33. Rfd1 Rxa2 34. Rd7+ Ke8 35. Rb7 Be4 36.
Rc7 Be5 37. Rc4 Bd3 38. Rc5 Bb2 39. Rd1 Nb4 40. Rc7 Be5 41. Rb7 Ra4 42. Rxb4 Bc2 43. Rxa4 Bxd1 44. Re4 Bxb3 45. Rxe5+ Kf7 46. Rc5 Be6 47.
Rc3 g4 48. Bd4 f3 49. gxf3 gxf3 50. Rxf3+ Kg6 51. Rf6+ Kg5 52. Rxe6 1-0

[Event "Late-Titled-Tuesday-Blitz-June-25-2024"]
[Site "Chess.com"]
[Date "2024.06.25"]
[Round "3"]
[White "Dedic8"]
[Black "carokannlover213"]
[Result "1/2-1/2"]
[WhiteElo "2940"]
[BlackElo "2670"]
[TimeControl "180+1"]
[EndTime "14:28:13 PDT"]
[Termination "Game drawn by repetition"]

1. d4 d5 2. c4 c6 3. Nf3 Nf6 4.
e3 e6 5. Bd3 dxc4 6. Bxc4 Nbd7 7. O-O Bd6 8. b3 O-O 9. Bb2 Qe7 10. Nbd2 e5 11. dxe5 Nxe5 12. h3 Rd8 13. Qe2 Bf5 14. Nxe5 Bxe5 15. Nf3 Bxb2 16. Qxb2 Be4 17. Ng5 Bd5 18.
Rad1 h6 19. Bxd5 hxg5 20. Bf3 Rxd1 21. Rxd1 Rd8 22. Rd4 Rxd4 23. Qxd4 c5 24. Qd3 g6 25. g3 b6 26. Kg2 Kg7 27. a4 Qe6 28. Qc3 Kg8 29. Bb7 Qe7 30. Bf3 Qe6 31. Be2 Qe4+ 32. Kh2 Qf5 33. Qe1 g4 34. hxg4 Nxg4+ 35. Kg2 Ne5 36.
Qd2 Qe6 37. f4 Ng4 38. Qd8+ Kg7 39. Bxg4 Qxg4 40. Qd3 Qe6 41. e4 a6 42. e5 Qc6+ 43.
Qf3 Qd7 44. Qe2 Qd5+ 45. Qf3 Qd2+ 46. Kh3 Qd7+ 47. Kg2 b5 48. axb5 axb5 49. Qc3 Qd5+ 50. Kf2 b4 51. Qc2 Qd4+ 52. Kf3 Qd5+ 53. Kf2 Qd4+ 54.
Kf3 Kh6 55. Qh2+ Kg7 56. Qc2 1/2-1/2

[Event "Late-Titled-Tuesday-Blitz-June-25-2024"]
[Site "Chess.com"]
[Date "2024.06.25"]
[Round "3"]
[White "betta2004"]
[Black "oskariot"]
[Result "0-1"]
[WhiteElo "2494"]
[BlackElo "2743"]
[TimeControl "180+1"]
[EndTime "14:28:13 PDT"]
[Termination "oskariot won by resignation"]

1. Nf3 c5 2. b3 Nf6 3. Bb2 g6 4. e3 Bg7 5. d4 cxd4 6. exd4 O-O 7. Nbd2 d5 8. Bd3 Nc6 9. O-O Nb4 10. Be2 Bf5 11. c3 Nd3 12. Bxd3 Bxd3 13. Re1 e6 14.
Ne5 Ba6 15. Qf3 Nd7 16. Ba3 Nxe5 17. dxe5 Re8 18. Qg3 Rc8 19. Rac1 Qa5 20. Bd6 Qxa2 21. Qe3 Rc6 22. Nf3 Qxb3 23. Nd4 Qc4 24. Nxc6 Qxc6 25.
Qxa7 Bh6 26. Rb1 Qxc3 27. Qc5 d4 28. Red1 Qxc5 29. Bxc5 d3 30. g3 Rc8 31. Bd6 g5 32. g4 Bf8 33. Bxf8 Kxf8 34. Rd2 Rc5 35. Re1 Bc4 36.
f3 Ra5 37. Kf2 b5 38. Ke3 Kg7 39. Kd4 Ra4 40. Kc5 Ra3 41. Re4 Ra1 42. f4 gxf4 43.
Rxf4 Re1 44. Kd6 Re2 45. Rd1 Rxh2 46. Ke7 Kg6 47. Rxf7 Kg5 48. Rg7+ Kf4 49. Kd6 d2 50. Rf7+ Ke3 51. Rd7 Bb3 52. Rb1 d1=Q+ 53. Rxd1 Bxd1 54.
Kc5 Bxg4 55. Kxb5 Kf4 56. Kc5 Kxe5 0-1

[Event "Late-Titled-Tuesday-Blitz-June-25-2024"]
[Site "Chess.com"]
[Date "2024.06.25"]
[Round "3"]
[White "MatthewG-p4p"]
[Black "ivanquiroga"]
[Result "1-0"]
[WhiteElo "2916"]
[BlackElo "2516"]
[TimeControl "180+1"]
[EndTime "14:28:14 PDT"]
[Termination "MatthewG-p4p won by resignation"]

1. f4 d5 2. Nf3 Nf6 3. g3 g6 4. Bg2 Bg7 5. O-O O-O 6. d3 c5 7. Nc3 d4 8. Na4 Qc7 9. c4 Bd7 10. Ne5 Nc6 11. Nxd7 Nxd7 12. a3 Rab8 13. Rb1 b6 14. b4 Qd6 15. Bd2 e5 16. e4 dxe3 17. Bxe3 Nd4 18. Nc3 exf4 19. Bxf4 Be5 20. Ne4 Qe7 21.
Bg5 f6 22. Bh6 Rfe8 23. Nc3 f5 24. Nd5 Qd6 25. Qd2 Nf6 26. Rbe1 Nxd5 27. Bxd5+ Kh8 28. g4 f4 29. Bg5 Bf6 30. Bxf4 Be5 31. Bg5 Bg7 32.
Bf4 Be5 33. Bxe5+ Rxe5 34. Qf4 Rbe8 35. Rxe5 Qxe5 36. Qxe5+ Rxe5 37. Rf8+ Kg7 38. Rf7+ Kh6 39. Rxa7 Kg5 40. Rxh7 Kxg4 41. Rg7 g5 42. Be4 Ne6 43.
Rg6 Kf4 44. Kf2 cxb4 45. axb4 g4 46. Rf6+ Kg5 47. Rf7 Nf4 48. Ke3 Nh3 49. Rb7 Re6 50. c5 bxc5 51. bxc5 Nf4 52. c6 Ng6 53. c7 Ne7 54.
Kd2 Rd6 55. Rb5+ Kf6 56. Rb8 Ke6 57. Re8 Kd7 58. Rxe7+ Kxe7 59. c8=Q 1-0

[Event "Late-Titled-Tuesday-Blitz-June-25-2024"]
[Site "Chess.com"]
[Date "2024.06.25"]
[Round "3"]
[White "Leebit02"]
[Black "VirtualCoach"]
[Result "1-0"]
[WhiteElo "2580"]
[BlackElo "2339"]
[TimeControl "180+1"]
[EndTime "14:28:16 PDT"]
[Termination "Leebit02 won on time"]

1. e4 c5 2. Nf3 d6 3. d4 cxd4 4. Nxd4 Nf6 5. Nc3 a6 6. Be2 e5 7. Nb3 Be6 8. Qd3 b5 9. a4 Bc4 10. Qe3 Nbd7 11. O-O Be7 12. Bxc4 bxc4 13. Nd2 Rc8 14.
Qe2 Qc7 15. Re1 O-O 16. Nf1 Nc5 17. Bg5 Qb7 18. Bxf6 Bxf6 19. Ra2 Ne6 20. Ne3 Nd4 21. Qg4 Bd8 22. Ncd5 Ne6 23. Nf5 Qd7 24. Rd1 g6 25.
Nxd6 Rc6 26. Nf5 Kh8 27. Nfe3 Qb7 28. Qg3 f6 29. c3 Nc5 30. Qf3 Nd3 31. Nxc4 Qb3 32.
Raa1 Nxb2 33. Nxb2 Qxb2 34. Qd3 Ba5 35. Rdb1 Rxc3 36.
Nxc3 Qxc3 37. Qxc3 Bxc3 38. Ra2 Rd8 39. Rc2 Ba5 40. g3 g5 41. Kg2 Kg7 42. Rc6 Rd7 43.
Rxa6 Bc3 44. Rc6 Bd4 45. a5 Ra7 46. a6 Kg6 47. Rb7 Ra8 48. Kf3 h5 49. h3 Ba1 50. a7 Bd4 51. Rcc7 Rd8 52. Rg7+ 1-0

[Event "Late-Titled-Tuesday-Blitz-June-25-2024"]
[Site "Chess.com"]
[Date "2024.06.25"]
[Round "3"]
[White "TheAlienParty"]
[Black "1800_strength"]
[Result "1-0"]
[WhiteElo "2338"]
[BlackElo "2747"]
[TimeControl "180+1"]
[EndTime "14:28:16 PDT"]
[Termination "TheAlienParty won by resignation"]

1. c4 c6 2. Nf3 b5 3. cxb5 cxb5 4.
e4 Bb7 5. Bxb5 Bxe4 6. O-O Nf6 7. Nc3 Bg6 8. a4 e6 9. d4 Be7 10. d5 Bb4 11. Qd4 a5 12. dxe6 fxe6 13. Ne5 Bh5 14. g4 Bg6 15. Nxg6 hxg6 16. g5 Nh5 17. Qe4 Na6 18.
Qxe6+ Kf8 19. Qxg6 Nc5 20. Be3 Ne6 21. Rad1 Qe8 22.
Qf5+ Qf7 23. Qxf7+ Kxf7 24. Rxd7+ Kf8 25. f4 Nc5 26. f5 Nxd7 27. Bxd7 Rd8 28. Bb5 Ke7 29. Be2 Kd6 30. Nb5+ Ke5 31. Bb6 Rd2 32. Bc7+ Ke4 33. Bg4 Bc5+ 34. Kh1 Bf2 35. Nc3+ Kd3 36. Rd1 Rxd1+ 37. Bxd1 Be1 38. Bxa5 Ng3+ 39. Kg2 Nxf5 40. Be2+ Ke3 41. Bb6+ Kd2 42. Bb5 Ne3+ 43. Kf3 Rf8+ 44. Ke4 Nc2 45. a5 Nb4 46. Be3+ Kc2 47. a6 Nxa6 48. Bxa6 Kxb2 49. Nd5 Kc2 50. Bd3+ Kd1 51.
g6 Rh8 52. Bf4 Bd2 53. Bg3 Be1 54. Be5 Re8 55. Nc7 Re7 56. Kf5 Bh4 57. Bc4 Kd2 58.
Bf7 Ke3 59. Ne6 Kf3 60. Bxg7 Kg2 61. Bf6 Bxf6 62. Kxf6 Ra7 63. g7 Ra8 64. Nf8 Ra6+ 65. Be6 1-0

[Event "Late-Titled-Tuesday-Blitz-June-25-2024"]
[Site "Chess.com"]
[Date "2024.06.25"]
[Round "3"]
[White "Murad_Ibrahimli"]
[Black "Mackster23"]
[Result "0-1"]
[WhiteElo "2878"]
[BlackElo "2668"]
[TimeControl "180+1"]
[EndTime "14:28:19 PDT"]
[Termination "Mackster23 won by resignation"]

1. d4 Nf6 2. Nf3 d5 3. c4 e6 4. Nbd2 Be7 5. g3 O-O 6. Bg2 c5 7. dxc5 Bxc5 8. O-O Nc6 9. cxd5 Nxd5 10. a3 a5 11. e4 Nde7 12. b3 Qd3 13. Bb2 Rd8 14. Rc1 Ba7 15. Rc3 Qd7 16. Qe2 Nd4 17. Nxd4 Bxd4 18. Rd3 e5 19. Nc4 Qc7 20. Rc1 Nc6 21.
Ne3 Be6 22. Nd5 Qd6 23. h4 Rac8 24. Kh2 b5 25. Qd2 b4 26. axb4 Bxd5 27. exd5 Nxb4 28. Rxd4 exd4 29. Qxd4 f6 30. Rxc8 Rxc8 31. Bh3 Rd8 32. Be6+ Kh8 33. Bc3 Nxd5 34. Bxa5 Ra8 35. Bxd5 Rxa5 36.
Qe4 Qxd5 37. Qe1 Ra8 38. b4 h6 39. Qe7 Rb8 40. g4 Qb7 41. Qe3 Qxb4 42. f3 Qb7 43.
Kg3 Qc7+ 44. Kh3 Rc8 45. h5 Qe5 46. Qd3 Re8 47. Qg6 Qe7 48. Kg2 Kg8 49. Kh3 Qf7 50.
Qd3 Re5 51. Qd8+ Qe8 52. Qc7 Re3 53. Kg2 Re2+ 54. Kh3 Qe5 55. Qc8+ Kh7 56. Qf5+ Qxf5 57. gxf5 Re5 0-1

[Event "Late-Titled-Tuesday-Blitz-June-25-2024"]
[Site "Chess.com"]
[Date "2024.06.25"]
[Round "3"]
[White "UnTucopalaTimba"]
[Black "TheoSlade"]
[Result "1-0"]
[WhiteElo "2139"]
[BlackElo "2477"]
[TimeControl "180+1"]
[EndTime "14:28:19 PDT"]
[Termination "UnTucopalaTimba won by checkmate"]

1. e4 e5 2. Nf3 Nc6 3. Bb5 g6 4.
c3 a6 5. Ba4 Bg7 6. d4 exd4 7.
cxd4 b5 8. Bb3 d6 9. h3 Nge7 10. Bg5 O-O 11. Nc3 h6 12. Bh4 Na5 13. Bc2 g5 14.
Bg3 Nc4 15. Rb1 c5 16. O-O cxd4 17. Nxd4 Qb6 18. Nf3 Bb7 19. Qd3 Rfd8 20. Nd5 Bxd5 21. exd5 Ng6 22. b3 Na3 23. Rbd1 Rac8 24. Bb1 Rc3 25.
Qe2 Nxb1 26. Rxb1 Rdc8 27. Rfd1 Rc2 28. Rd2 Rc1+ 29. Rxc1 Rxc1+ 30. Kh2 Kf8 31. Rc2 Rxc2 32. Qxc2 Ne7 33. Qh7 Nxd5 34. Qd3 Qc6 35. Nd4 Bxd4 36.
Qxd4 Kg8 37. a3 Qc5 38. Qe4 Nf6 39. Qb7 Nh5 40. Qb8+ Kg7 41. Bxd6 Qxf2 42. Qf8+ Kg6 43.
Qg8+ Ng7 44. Be5 f6 45. Bg3 Qc5 46. b4 Qe3 47. Qc8 Qxa3 48. Qc2+ Kf7 49. Qc7+ Kg8 50. Qd8+ Kh7 51. Qe7 a5 52. Qxf6 Qxb4 53. Bd6 Qe4 54. Be5 Qg6 55. Qb6 b4 56. Qxa5 Qf5 57. Qc7 b3 58.
Qxg7# 1-0

[Event "Late-Titled-Tuesday-Blitz-June-25-2024"]
[Site "Chess.com"]
[Date "2024.06.25"]
[Round "3"]
[White "duone"]
[Black "anthonydrayton"]
[Result "0-1"]
[WhiteElo "2395"]
[BlackElo "2119"]
[TimeControl "180+1"]
[EndTime "14:28:20 PDT"]
[Termination "anthonydrayton won by checkmate"]

1. Nf3 c6 2. b3 d5 3. Bb2 Nf6 4. e3 g6 5. c4 Bg7 6. g3 O-O 7. Bg2 Bg4 8. O-O Qd7 9. Nc3 Bh3 10. Ne5 Qc8 11. d4 Bxg2 12. Kxg2 Nbd7 13. Nxd7 Qxd7 14. Qf3 Rae8 15. e4 dxe4 16. Nxe4 Nxe4 17. Qxe4 f5 18. Qf3 Bxd4 19. Rad1 e5 20. Qd3 c5 21. b4 b6 22. f3 Qc6 23. Ba3 e4 24. fxe4 Rxe4 25. Rf3 Qe6 26. Rd2 Re8 27.
bxc5 bxc5 28. h4 Re2+ 29. Rxe2 Qxe2+ 30. Kh3 Qxd3 31. Rxd3 Re2 32. Bc1 Rxa2 33. Be3 Bxe3 34. Rxe3 Rc2 35. Re7 Rxc4 36. Rxa7 Rc2 37. Rc7 c4 38.
Rc5 c3 39. Rc7 Rc1 40. Kg2 c2 41. Rc3 h6 42. Rc7 g5 43. hxg5 hxg5 44. Rc5 Kg7 45.
Kh2 Kg6 46. Rc6+ Kh5 47. Rc5 Kg4 48. Rc4+ f4 49. gxf4 gxf4 50. Kg2 Kf5 51. Rc3 Ke4 52. Rc4+ Ke3 53. Rc3+ Ke2 54. Rc8 f3+ 55. Kg3 f2 56.
Re8+ Kf1 57. Rh8 Kg1 58. Rf8 f1=Q 59. Rg8 Qg2+ 60. Kh4 Qxg8 61. Kh3 Rf1 62. Kh4 Rf7 63.
Kh5 Rh7# 0-1

[Event "Late-Titled-Tuesday-Blitz-June-25-2024"]
[Site "Chess.com"]
[Date "2024.06.25"]
[Round "3"]
[White "SebbyMeister"]
[Black "giomar27"]
[Result "1-0"]
[WhiteElo "2248"]
[BlackElo "2453"]
[TimeControl "180+1"]
[EndTime "14:28:21 PDT"]
[Termination "SebbyMeister won by resignation"]

1. e4 d6 2. d4 Nf6 3. Nc3 g6 4. Nf3 Bg7 5. Be2 O-O 6. O-O a6 7. Bf4 b5 8. h3 Bb7 9. e5 Nfd7 10. a3 Nc6 11. exd6 cxd6 12. Qd2 Rc8 13. Rfe1 Na5 14. b3 Qc7 15. Na2 Qxc2 16. Qxa5 Qxb3 17. Qb4 Qd5 18. Nc3 Qf5 19. Be3 Nb6 20. Rac1 Nc4 21. a4 Nxe3 22. fxe3 Qg5 23. e4 Qe3+ 24. Kh1 Qf4 25.
axb5 axb5 26. Qb2 b4 27. Nd5 Bxd5 28. exd5 h5 29. Rxc8 Rxc8 30. Qxb4 Bh6 31. Rb1 Qg3 32. Qe1 Qf4 33. Bf1 Re8 34. Rb3 Bf8 35. Qb1 Bg7 36.
Rb8 Rxb8 37. Qxb8+ Kh7 38. Qb4 Bf6 39. Qd2 Qg3 40.
Qe1 Qf4 41. Bd3 Kg7 42. Qd2 Qg3 43. Qe1 Qf4 44. Qe4 Qg3 45. Kg1 Kg8 46. Qe1 Qf4 47.
Qf2 Qc1+ 48. Kh2 Kg7 49. g3 Qc3 50. h4 Qc1 51. Qe2 Qc3 52. Kg2 Qc1 53. Be4 Qc3 54. Qd3 Qc1 55. Qc2 Qe3 56. Qd3 Qc1 57. Qe2 Qc3 58.
Bd3 Qc1 59. Bb5 Qc3 60. Bc6 Qb2 61. Qxb2 Be5 62. Qc2 Bxd4 63. Nxd4 1-0

[Event "Late-Titled-Tuesday-Blitz-June-25-2024"]
[Site "Chess.com"]
[Date "2024.06.25"]
[Round "3"]
[White "VaglioSagan"]
[Black "Connectedcloud"]
[Result "0-1"]
[WhiteElo "2544"]
[BlackElo "2329"]
[TimeControl "180+1"]
[EndTime "14:28:22 PDT"]
[Termination "Connectedcloud won on time"]

1. d4 Nf6 2. Nf3 e6 3. c4 d5 4.
Nc3 Be7 5. Bf4 O-O 6. e3 c5 7. dxc5 Qa5 8. Nd2 dxc4 9. Nxc4 Qxc5 10. Bd6 Bxd6 11. Qxd6 Qxd6 12. Nxd6 Nc6 13. O-O-O Rd8 14. Bc4 Ng4 15. Rd2 Nxf2 16. Re1 Ng4 17. h3 Nge5 18. Bb3 b6 19. Red1 Ba6 20. Kb1 Nb4 21. a3 Bd3+ 22. Ka1 Rxd6 23. axb4 Rad8 24. Nb5 R6d7 25. Nd4 Bc4 26.
Ba4 b5 27. Bc2 Kf8 28. b3 Bd5 29. Nxb5 Ke7 30. Kb2 a6 31. Nd4 Rb8 32. Ra1 Rd6 33. Ra4 Nc6 34. e4 Bxe4 35. Bxe4 Rxd4 36. Rxd4 Nxd4 37. Rxa6 Rxb4 38. Kc3 Rxb3+ 39. Kxd4 Rb4+ 40. Ke3 g6 41. g4 Kf6 42. h4 Rb3+ 43. Kf2 Rb4 44. Bf3 h5 45. g5+ Kg7 46. Kg3 Rb3 47.
Ra7 Rc3 48. Rb7 Rd3 49. Kf2 Rd4 50. Kg3 Rd3 51. Rb4 Ra3 52. Rf4 e5 53. Re4 f6 54.
gxf6+ Kxf6 55. Rb4 Kf5 56. Rb5 Ra4 57. Rb8 Kf6 58.
Rf8+ Kg7 59. Re8 Kf6 60. Rf8+ Kg7 61. Rb8 Kf6 62. Rb6+ Kg7 63. Re6 Ra5 64. Be4 Ra3+ 0-1

[Event "Late-Titled-Tuesday-Blitz-June-25-2024"]
[Site "Chess.com"]
[Date "2024.06.25"]
[Round "3"]
[White "VD_coach"]
[Black "Rodalquilar"]
[Result "0-1"]
[WhiteElo "2546"]
[BlackElo "2833"]
[TimeControl "180+1"]
[EndTime "14:28:23 PDT"]
[Termination "Rodalquilar won by resignation"]

1. Nf3 d5 2. d4 Nf6 3. c4 e6 4.
cxd5 exd5 5. Bg5 c6 6. Nc3 Bf5 7. e3 Nbd7 8. Bd3 Bxd3 9. Qxd3 Bd6 10. O-O O-O 11. Rab1 Qc7 12. Rfc1 Rfe8 13. Nb5 Qb8 14. Nxd6 Qxd6 15. b4 a6 16. a4 b5 17. Bf4 Qe6 18.
Ng5 Qg4 19. h3 Qh5 20. Rxc6 bxa4 21. Rxa6 Rxa6 22. Qxa6 Qg6 23. Rc1 Nh5 24. Qxa4 Ndf6 25. Qc6 Nxf4 26. exf4 Qf5 27. Qc7 Nh5 28. g4 Qxf4 29.
Qxf4 Nxf4 30. Rc7 Ne2+ 31. Kf1 Nxd4 32. Nxf7 Rb8 33. Ne5 h6 34. Rd7 Rxb4 35. Rxd5 Ne6 36. Rd7 Rb3 37. Ng6 Rxh3 38. Ne7+ Kf7 39. Nf5+ Kf8 40.
Ra7 Rb3 41. Ra8+ Kf7 42. Ra6 Nf4 43. Ra7+ Kf6 44. Ra6+ Kg5 45. Ke1 Rb1+ 46. Kd2 Kxg4 47. Nxg7 Rb2+ 48. Ke3 Re2+ 49. Kd4 h5 50. Rh6 Rxf2 51.
Ke3 Re2+ 52. Kd4 Re7 53. Nxh5 Nxh5 54. Rg6+ Kf4 55. Rd6 Ng3 56. Kc5 Nf5 57. Kc6 Nxd6 58. Kxd6 Re5 0-1